 Dungeon Crawl Stone Soup version bcrawl-1.19.2-6-g6a88ae04c9 (webtiles) character file.

Game seed: 2738869999032606158

256 Mrkan the Chopper (level 5, -2/47 HPs)
             Began as a Minotaur Fighter on Dec 31, 2019.
             Was an Initiate of Wu Jian.
             Slain by a wight
             ... wielding a +3 war axe
              (8 damage)
             ... on level 3 of the Dungeon.
             The game lasted 00:02:27 (1860 turns).

Mrkan the Chopper (Minotaur Fighter)                Turns: 1860, Time: 00:02:28

Health: -2/47      AC: 11    Str: 21    XL:     5   Next: 92%
Magic:  4/4        EV:  8    Int:  5    God:    Wu Jian [......]
Gold:   139        SH:  9    Dex: 10    Spells: 4/4 levels left

rFire    . . .     SeeInvis .   a - +0 war axe
rCold    . . .     Gourm    .   c - +0 shield
rNeg     . . .     Faith    .   b - +0 scale mail
rPois    .         Spirit   .   (helmet restricted)
rElec    .         Reflect  .   g - +2 cloak
rCorr    .         Harm     .   i - +0 pair of gloves
MR       .....                  (no boots)
Stlth    ..........             e - amulet of regeneration
HPRegen  0.55/turn              (no ring)
MPRegen  0.09/turn              (no ring)

@: lightly drained
A: retaliatory headbutt, horns 2
a: Renounce Religion


You were on level 3 of the Dungeon.
You worshipped Wu Jian.
Wu Jian was noncommittal.
You were not hungry.

You visited 1 branch of the dungeon, and saw 3 of its levels.

You collected 139 gold pieces.

Inventory:

Hand Weapons
 a - a +0 war axe (weapon)
Armour
 b - a +0 scale mail (worn)
 c - a +0 shield (worn)
 g - a +2 cloak (worn)
 i - a +0 pair of gloves (worn)
Jewellery
 e - an amulet of regeneration (around neck)
 r - an uncursed amulet of guardian spirit {unknown}
 t - an uncursed ring of wizardry {unknown}
 v - an uncursed ring of positive energy {unknown}
Scrolls
 h - a scroll of fear {unknown}
 j - a scroll of magic mapping {unknown}
 k - 3 scrolls of identify {unknown}
 m - a scroll of fog {unknown}
 n - a scroll of immolation {unknown}
 s - a scroll of enchant weapon {unknown}
Potions
 d - 2 potions of might
 l - a potion of invisibility {unknown}
 o - a potion of curing {unknown}
 p - 2 potions of haste {unknown}
 q - 2 potions of flight {unknown}
 u - a potion of resistance {unknown}
Comestibles
 f - 4 rations {!d}
 w - 2 chunks of flesh


   Skills:
 + Level 4.6(4.1) Fighting
 * Level 4.9(4.5) Axes
 + Level 4.6(4.2) Armour
 + Level 1.9(1.5) Dodging
 + Level 4.7(4.2) Shields


You had 4 spell levels left.
You didn't know any spells.
Your spell library was empty.

Dungeon Overview and Level Annotations

Branches:
Dungeon (3/12)

Altars:
Cheibriados
Sif Muna
Wu Jian


Innate Abilities, Weirdness & Mutations

You reflexively headbutt those who attack you in melee.
You have a pair of horns on your head.


Message History

The wight is almost destroyed.
Your shield and scale mail prevent you from hitting the wight.
The wight hits you but does no damage.
The wight hits you with a +3 mace of freezing.
* * * LOW HITPOINT WARNING * * *
The wight freezes you.
* * * LOW HITPOINT WARNING * * *
The wight hits you but does no damage.
You slash the wight!
You destroy the wight!
The Council accepts your kill.
You hit the wight. The wight hits you but does no damage.
You block the wight's attack.
The wight hits you from afar with a +0 spear.
* * * LOW HITPOINT WARNING * * *
You feel drained.
* * * LOW HITPOINT WARNING * * *
You spin to attack the wight, but your attack speed is too slow for a blow to land.
The wight hits you with a +3 war axe!
You die...

..#.##.....
........# #
#......> .# ..#
#..##.#####. #.#
#..#....#.. #..
#.).....#.# #.#
##.##......# # #.#
##)z.##.##.#####.#
#.#
#.@#.##....>.....##
#.#
#z...#####.#.......
#<# #.####
#.#.###### #.# #.#
#.#.# #.# #.# #.#.#
#.### #.# #.#.#
#...# #.# #.#.##
###.# #.# #...)#
#.# ###..#


You could see 2 wights.

Vanquished Creatures
  3 wights (D:3)
  A crimson imp (D:3)
  An adder (D:3)
  4 oozes
  4 worms
  3 dart slugs
  4 leopard geckos
  An orc (D:2)
  A ball python (D:3)
  A giant cockroach (D:2)
  4 goblins (D:2)
  5 hobgoblins
  A quokka (D:2)
  4 bats
  4 frilled lizards
  12 kobolds
  A rat (D:2)
54 creatures vanquished.

Notes
Turn   | Place    | Note
-------+----------+-------------------------------------------
     0 | D:1      | Mrkan the Minotaur Fighter began the quest for the Orb.
     0 | D:1      | Reached XP level 1. HP: 19/19 MP: 0/0
    15 | D:1      | Reached XP level 2. HP: 27/27 MP: 1/1
   762 | D:2      | Reached XP level 3. HP: 32/33 MP: 2/2
   900 | D:2      | Found an ornate altar of the Wu Jian Council.
   913 | D:2      | Became a worshipper of the Wu Jian Council
  1150 | D:2      | Found a snail-covered altar of Cheibriados.
  1620 | D:2      | Reached XP level 4. HP: 40/40 MP: 3/3
  1650 | D:2      | Found a shimmering blue altar of Sif Muna.
  1816 | D:3      | Reached skill level 1 in Dodging
  1829 | D:3      | Reached XP level 5. HP: 28/47 MP: 4/4
  1860 | D:3      | Slain by a wight

Skill      XL: |  1  2  3  4 |
---------------+-------------+-----
Axes           | 3 4 |  4.9
Shields        | 4 |  4.7
Fighting       | 4 |  4.6
Armour         | 4 |  4.6
Dodging        | 1 |  1.9

Action                   |  1- 3 |  4- 6 || total
-------------------------+-------+-------++-------
Melee: War axe           |    75 |    43 ||   118
       Headbutt          |    10 |     5 ||    15
Invok: Lunge             |     7 |     5 ||    12
       Whirlwind         |     2 |     3 ||     5
  Eat: Chunk             |     1 |     2 ||     3
Armor: Scale mail        |    53 |    17 ||    70
Dodge: Dodged            |    23 |    15 ||    38
Block: Shield            |    57 |    13 ||    70
